Map: Misty Swamp

Players

WillyB - Winner!

  • Race: Protoss Protoss
  • Spawn Location: 9:00

Tazland - Winner!

  • Race: Protoss Protoss
  • Spawn Location: 12:00

Metasapien - Winner!

  • Race: Zerg Zerg
  • Spawn Location: 9:00

Frantastic

  • Race: Zerg Zerg
  • Spawn Location: 12:00

RedNose

  • Race: Zerg Zerg
  • Spawn Location: 3:00

Ejecutor

  • Race: Protoss Protoss
  • Spawn Location: 3:00

VOD

Have the link to the VOD?

Description

Time

  • Played on: Aug. 20, 2017, 11:48 a.m.
  • Length: 26:19
Show
View Real Time Build Order
Export as new Build Order

WillyB Protoss - Winner!

Build Orders:  

Get SALT Encoding   

  12  0:07  Probe (Chrono Boost)  
  13  0:18  Probe (Chrono Boost)  
  14  0:29  Probe (Chrono Boost)  
  14  0:33  Pylon  
  15  0:40  Assimilator  
  15  0:51  Probe (Chrono Boost)  
  15  0:52  Gateway  
  16  1:02  Probe (Chrono Boost)  
  17  1:12  Probe (Chrono Boost)  
  17  1:17  Pylon  
  18  1:20  Forge  
  18  1:23  Probe (Chrono Boost)  
  19  1:36  Assimilator  
  19  1:39  Cybernetics Core  
  19  1:43  Probe (Chrono Boost)  
  21  1:54  Probe (Chrono Boost)  
  21  2:01  Pylon  
  21  2:05  Pylon, Probe (Chrono Boost)  
  22  2:17  Warp Gate (Chrono Boost)  
  22  2:18  Gateway  
  22  2:23  Pylon  
  22  2:25  Pylon  
  22  2:40  Photon Cannon  
  22  2:47  Photon Cannon  
  22  2:56  Gateway  
  22  3:02  Stalker  
  24  3:11  Stalker  
  26  3:23  Twilight Council  
  26  3:29  Probe  
  28  3:41  Probe  
  28  3:57  Nexus  
  28  4:09  Pylon  
  28  4:31  Gateway  
  28  4:36  Gateway  
  28  4:44  Gateway  
  28  4:53  Blink (Chrono Boost)  
  28  5:05  Forge  
  28  5:08  Forge  
  28  5:17  Probe  
  29  5:27  Probe  
  29  5:30  Probe  
  31  5:38  Probe  
  33  5:42  Probe  
  33  5:43  Stalker  
  33  5:48  Probe  
  35  5:51  Stalker  
  35  5:55  Probe  
  39  5:59  Probe  
  39  6:01  Stalker  
  42  6:07  Probe  
  43  6:16  Stalker x2  
  47  6:35  Probe  
  48  6:41  Assimilator  
  48  6:45  Assimilator, Probe  
  49  6:56  Probe  
  49  6:58  Nexus  
  50  7:06  Probe  
  51  7:17  Probe  
  52  7:27  Probe  
  52  7:28  Protoss Shields Level 1, Protoss Ground Armor Level 1  
  53  7:33  Stalker x2  
  53  7:34  Stalker  
  53  7:35  Stalker  
  61  7:37  Stalker  
  61  7:38  Probe  
  61  7:40  Stalker  
  66  7:48  Probe  
  67  8:11  Nexus  
  67  8:12  Stalker x2  
  71  8:13  Probe  
  71  8:17  Stalker  
  74  8:22  Probe  
  75  8:33  Probe  
  76  8:43  Probe  
  77  8:54  Probe  
  78  9:00  Protoss Ground Weapons Level 1  
  78  9:04  Probe  
  78  9:05  Stalker x4  
  78  9:06  Stalker x2  
  91  9:15  Pylon, Probe  
  92  9:17  Pylon  
  92  9:18  Pylon  
  92  9:20  Pylon  
  92  9:22  Pylon, Probe  
  93  9:24  Pylon  
  93  9:25  Probe  
  94  9:33  Probe  
  94  9:36  Probe  
  96  9:43  Probe  
  96  9:44  Stalker x3  
  103  9:46  Probe  
  104  9:54  Probe  
  104  9:57  Probe  
  106  10:04  Probe  
  107  10:07  Probe  
  107  10:08  Stalker  
  107  10:09  Stalker x5  
  120  10:15  Probe  
  120  10:18  Probe  
  122  10:25  Assimilator, Probe  
  123  10:28  Assimilator, Probe  
  123  10:29  Assimilator  
  123  10:31  Assimilator  
  123  10:32  Pylon  
  123  10:34  Stalker x2  
  123  10:35  Stalker  
  130  10:36  Stalker, Pylon, Probe  
  130  10:38  Stalker  
  130  10:39  Probe  
  130  10:40  Stalker  
  138  10:46  Probe  
  139  10:50  Probe  
  140  10:57  Probe  
  140  11:00  Probe  
  142  11:04  Protoss Ground Weapons Level 2 (Chrono Boost)  
  142  11:06  Protoss Ground Armor Level 2 (Chrono Boost)  
  142  11:07  Probe  
  142  11:09  Protoss Shields Level 2 (Chrono Boost)  
  142  11:11  Probe  
  144  11:20  Probe  
  145  11:32  Probe  
  146  11:33  Stalker x2  
  146  11:34  Stalker x3  
  146  11:35  Stalker  
  158  11:44  Probe  
  85  12:29  Stalker  
  81  12:30  Stalker x4  
  81  12:31  Stalker  
  76  12:44  Pylon  
  76  12:49  Pylon  
  74  12:52  Pylon  
  74  12:55  Pylon  
  74  13:06  Gateway x2  
  74  13:09  Gateway  
  74  13:11  Gateway  
  74  13:13  Gateway  
  74  13:15  Gateway  
  74  13:17  Gateway  
  74  13:19  Gateway  
  74  13:21  Gateway  
  74  13:23  Gateway  
  74  13:24  Stalker x4  
  74  13:25  Stalker x2  
  74  13:26  Gateway  
  86  13:30  Pylon  
  86  13:32  Pylon  
  86  13:36  Pylon  
  86  13:48  Probe  
  86  13:52  Probe  
  88  13:59  Probe  
  89  14:04  Probe  
  89  14:09  Probe  
  90  14:16  Probe  
  92  14:20  Probe  
  93  14:25  Stalker x4  
  93  14:26  Stalker x4  
  93  14:27  Stalker x3  
  93  14:28  Stalker x3, Probe  
  93  14:30  Stalker x3  
  128  14:40  Probe  
  129  14:50  Pylon  
  129  14:56  Stalker x2  
  129  14:57  Stalker x4  
  129  14:58  Stalker x3  
  129  14:59  Stalker x3  
  153  15:00  Stalker x2  
  153  15:01  Stalker  
  153  15:02  Stalker  
  153  15:03  Stalker  
  163  15:23  Stalker x2  
  163  15:24  Stalker x3  
  163  15:25  Stalker  
  175  15:35  Stalker x3  
  179  15:36  Stalker x3  
  179  15:37  Stalker x3  
  179  15:38  Stalker x2  
  110  16:59  Robotics Facility, Stalker x4  
  110  17:00  Stalker x2  
  110  17:01  Stalker x2  
  104  17:02  Stalker  
  104  17:06  Stalker  
  110  17:20  Stalker  
  106  17:36  Pylon  
  81  19:08  Pylon  
  81  19:10  Pylon  
  81  19:12  Pylon  
  81  19:13  Pylon  
  81  19:15  Pylon  
  81  19:17  Pylon  
  81  19:18  Pylon  
  81  19:37  Gateway  
  81  19:40  Gateway  
  81  19:41  Gateway  
  81  19:44  Gateway  
  81  19:47  Gateway  
  81  19:49  Gateway  
  81  19:51  Gateway  
  81  19:54  Gateway  
  52  23:35  Stalker x2  
  52  23:36  Stalker x3  
  52  23:37  Stalker x3  
  68  25:00  Stalker  
Show
View Real Time Build Order
Export as new Build Order

Tazland Protoss - Winner!

Build Orders:  

Get SALT Encoding   

  12  0:05  Probe (Chrono Boost)  
  13  0:15  Probe (Chrono Boost)  
  14  0:26  Probe (Chrono Boost)  
  15  0:34  Pylon  
  15  0:53  Gateway, Probe (Chrono Boost)  
  16  0:58  Forge  
  16  1:04  Probe (Chrono Boost)  
  16  1:08  Assimilator  
  17  1:12  Assimilator  
  17  1:15  Probe (Chrono Boost)  
  18  1:23  Pylon  
  18  1:26  Probe (Chrono Boost)  
  19  1:36  Photon Cannon  
  19  1:39  Probe (Chrono Boost)  
  20  1:49  Probe (Chrono Boost)  
  21  1:54  Cybernetics Core  
  21  2:00  Probe (Chrono Boost)  
  22  2:11  Probe (Chrono Boost)  
  23  2:21  Probe (Chrono Boost)  
  24  2:32  Probe (Chrono Boost)  
  25  2:37  Stargate  
  25  2:42  Stargate  
  25  2:45  Probe (Chrono Boost)  
  26  2:54  Pylon  
  26  2:55  Probe (Chrono Boost)  
  27  3:10  Probe (Chrono Boost)  
  28  3:26  Void Ray  
  32  3:30  Void Ray  
  36  3:35  Pylon  
  36  3:42  Probe (Chrono Boost)  
  37  4:23  Void Ray  
  41  4:25  Void Ray  
  45  4:56  Pylon  
  45  5:03  Nexus  
  45  5:12  Mothership Core (Chrono Boost)  
  39  5:55  Phoenix x2  
  35  6:00  Photon Cannon  
  35  6:03  Photon Cannon  
  35  6:09  Pylon  
  34  6:20  Phoenix  
  36  6:39  Probe (Chrono Boost)  
  37  6:49  Assimilator, Probe (Chrono Boost)  
  37  6:52  Assimilator  
  38  7:00  Probe (Chrono Boost)  
  39  7:10  Pylon  
  39  7:12  Void Ray  
  39  7:13  Void Ray  
  47  7:29  Nexus  
  47  7:34  Photon Cannon  
  47  7:36  Probe (Chrono Boost)  
  48  7:40  Probe (Chrono Boost)  
  49  7:47  Probe (Chrono Boost)  
  49  7:50  Probe (Chrono Boost)  
  51  7:54  Protoss Air Weapons Level 1 (Chrono Boost)  
  51  7:58  Probe (Chrono Boost)  
  52  8:01  Stargate, Probe (Chrono Boost)  
  53  8:07  Pylon  
  53  8:08  Probe (Chrono Boost)  
  53  8:10  Pylon  
  54  8:20  Void Ray  
  54  8:21  Void Ray  
  62  8:28  Pylon x2  
  62  8:39  Photon Cannon  
  62  8:40  Photon Cannon  
  62  8:42  Probe  
  63  8:53  Probe  
  64  8:58  Photon Cannon  
  64  9:00  Photon Cannon  
  64  9:03  Probe x2  
  66  9:11  Assimilator  
  66  9:14  Probe  
  66  9:15  Probe  
  68  9:25  Probe  
  68  9:27  Probe  
  70  9:31  Assimilator  
  70  9:35  Probe  
  71  9:41  Void Ray x2  
  71  9:42  Void Ray  
  83  9:46  Probe  
  83  9:49  Fleet Beacon  
  84  10:00  Probe  
  85  10:09  Photon Cannon  
  85  10:10  Probe  
  86  10:14  Pylon  
  86  10:21  Probe  
  87  10:31  Void Ray  
  87  10:32  Void Ray x2  
  99  10:42  Protoss Air Weapons Level 2 (Chrono Boost)  
  99  11:22  Void Ray x2  
  99  11:23  Void Ray  
  111  11:50  Photon Cannon  
  83  12:22  Void Ray  
  79  12:23  Void Ray x2  
  83  12:40  Protoss Air Armor Level 1 (Chrono Boost)  
  83  13:09  Void Ray x2  
  83  13:10  Void Ray  
  95  13:17  Stargate  
  95  13:26  Photon Cannon  
  95  13:29  Photon Cannon  
  95  13:36  Stargate  
  95  13:46  Nexus  
  65  14:06  Void Ray x2  
  65  14:07  Void Ray x2  
  81  14:19  Mothership Core  
  81  14:29  Protoss Air Armor Level 2 (Chrono Boost)  
  81  14:52  Void Ray  
  87  14:53  Void Ray  
  87  14:54  Void Ray  
  87  14:55  Void Ray x2  
  107  15:14  Assimilator  
  107  15:21  Assimilator  
  102  16:43  Photon Cannon  
  102  16:49  Robotics Facility  
  102  17:01  Void Ray  
  102  17:02  Void Ray x2  
  102  17:03  Void Ray  
  102  17:05  Void Ray  
  103  18:00  Void Ray  
  107  18:06  Pylon  
  107  18:07  Pylon  
  107  18:09  Pylon  
  107  18:11  Pylon  
  99  18:24  Void Ray  
  99  18:25  Void Ray x3  
  75  19:08  Pylon  
  75  19:14  Void Ray  
  75  19:15  Void Ray x2  
  75  19:16  Void Ray x2  
  95  19:18  Mothership Core  
  85  19:24  Pylon  
  77  19:38  Nexus  
  77  19:41  Pylon  
  83  19:55  Protoss Air Weapons Level 3 (Chrono Boost)  
  43  20:30  Void Ray  
  43  20:31  Void Ray x2  
  43  20:32  Void Ray  
  43  20:33  Void Ray  
  62  21:38  Void Ray  
  62  21:39  Void Ray x2  
  58  24:12  Void Ray  
  58  24:13  Void Ray  
  58  24:14  Void Ray x3  
  78  25:20  Nexus  
Show
View Real Time Build Order
Export as new Build Order

Metasapien Zerg - Winner!

Build Orders: Pool First 

Get SALT Encoding   

  12  0:03  Drone  
  13  0:15  Overlord  
  13  0:21  Drone  
  14  0:37  Spawning Pool  
  14  0:41  Extractor  
  14  0:42  Drone  
  13  0:45  Drone  
  14  0:56  Drone x2  
  16  1:06  Drone  
  17  1:21  Drone  
  17  1:24  Queen  
  20  1:26  Overlord  
  20  1:36  Drone  
  21  1:43  Extractor  
  20  1:47  Drone  
  20  1:53  Metabolic Boost  
  21  1:58  Drone  
  22  2:13  Drone  
  23  2:18  Spine Crawler  
  23  2:22  Spore Crawler  
  21  2:24  Zergling x2  
  21  2:27  Lair  
  22  2:41  Hatchery  
  21  2:56  Drone x3  
  21  2:57  Drone  
  25  3:02  Drone  
  26  3:12  Overlord  
  26  3:25  Drone x4  
  30  3:42  Drone  
  30  3:44  Overlord  
  31  3:57  Queen  
  31  3:58  Extractor, Drone  
  33  4:08  Spire  
  32  4:11  Drone  
  32  4:13  Drone  
  32  4:16  Drone  
  35  4:20  Drone  
  35  4:22  Drone  
  37  4:26  Drone  
  38  4:52  Overlord x2  
  38  4:53  Overlord  
  38  4:55  Drone  
  38  4:56  Extractor  
  38  4:58  Drone x5  
  43  5:07  Zergling x4  
  43  5:08  Zergling x2  
  43  5:09  Zergling x2  
  47  5:15  Overseer  
  47  5:18  Overseer  
  47  5:21  Corruptor  
  47  5:22  Mutalisk  
  47  5:23  Mutalisk  
  53  5:32  Mutalisk x2  
  56  5:52  Corruptor  
  56  5:53  Corruptor x2  
  56  5:54  Corruptor  
  64  5:59  Hydralisk Den  
  61  6:48  Drone x4  
  61  6:49  Drone x2  
  61  6:53  Drone  
  61  6:54  Drone  
  69  6:59  Muscular Augments  
  69  7:00  Zerg Flyer Weapons Level 1  
  69  7:01  Infestation Pit  
  68  7:02  Hydralisk x4  
  68  7:03  Hatchery  
  75  7:21  Drone  
  76  7:41  Overseer  
  76  7:57  Overlord x2  
  76  7:58  Overlord  
  72  8:14  Overlord x2  
  72  8:20  Queen  
  72  8:21  Drone  
  75  8:30  Hatchery  
  74  8:44  Hydralisk x5  
  74  8:46  Hydralisk x2, Corruptor x2  
  74  8:47  Hydralisk x4, Corruptor x3  
  106  8:54  Evolution Chamber  
  105  8:57  Evolution Chamber  
  105  9:01  Hive  
  105  9:02  Pneumatized Carapace  
  104  9:06  Drone  
  104  9:07  Drone  
  106  9:11  Drone  
  106  9:13  Extractor  
  106  9:15  Extractor  
  105  9:52  Corruptor  
  105  9:53  Hydralisk x3, Corruptor x3  
  105  9:54  Hydralisk x2  
  105  9:57  Overlord x2  
  123  10:33  Queen  
  123  10:34  Drone  
  123  10:35  Drone x2  
  128  10:45  Zerg Missile Weapons Level 1, Zerg Ground Armor Level 1  
  128  10:49  Greater Spire  
  128  10:53  Spire  
  127  10:59  Corruptor  
  127  11:03  Drone x2  
  131  11:06  Extractor  
  131  11:07  Extractor, Drone  
  124  11:42  Overlord x6  
  124  11:48  Drone x3  
  124  11:49  Drone x2  
  129  12:02  Drone x2  
  131  12:11  Brood Lord x5  
  129  13:01  Hydralisk x5  
  129  13:02  Hydralisk x5, Nydus Network  
  129  13:03  Hydralisk  
  90  14:15  Corruptor, Zergling x2  
  90  14:16  Corruptor x6  
  90  14:17  Corruptor x6  
  109  14:44  Corruptor x2  
  109  14:45  Corruptor x3  
  119  15:21  Zerg Flyer Weapons Level 2  
  119  15:23  Zerg Flyer Armor Level 1  
  119  15:49  Nydus Canal  
  119  16:02  Corruptor x7  
  119  16:03  Corruptor x2  
  136  16:16  Hydralisk x4  
  148  16:40  Brood Lord  
  148  16:41  Brood Lord  
  148  17:04  Overseer x2  
  138  17:16  Corruptor  
  130  17:27  Brood Lord x3  
  130  17:28  Brood Lord  
  126  17:37  Brood Lord x2  
  126  17:38  Brood Lord x5  
  126  17:42  Brood Lord x2  
  126  17:43  Brood Lord x4  
  146  17:53  Overlord x3  
  146  17:54  Overlord x3  
  132  18:21  Corruptor x2  
  132  18:22  Corruptor x7  
  132  18:24  Zergling x2  
  132  18:25  Zergling x6  
  132  18:26  Zergling x6  
  157  18:33  Zerg Flyer Armor Level 2  
  157  19:12  Hatchery  
  156  19:59  Corruptor x4  
  160  20:00  Corruptor x6  
  160  20:01  Corruptor x2  
  163  20:21  Zergling x2  
  163  20:22  Corruptor x3, Zergling x4  
  168  20:30  Corruptor x2  
  153  21:16  Overlord x4  
  153  21:17  Overlord x2  
  153  21:35  Drone x3  
  153  21:39  Zergling x2, Drone  
  158  21:41  Zergling x8  
  162  21:53  Zergling x26  
  173  22:25  Hydralisk x5  
  173  22:26  Hydralisk x8  
  194  23:15  Hydralisk x3  
  198  23:20  Swarm Host  
  178  24:21  Queen x2  
  178  24:22  Queen  
  184  24:42  Hatchery  
  183  25:11  Zergling x26  
  183  25:12  Zergling x8  
  200  25:33  Extractor  
  200  25:34  Extractor  
Show
View Real Time Build Order
Export as new Build Order

Frantastic Zerg 

Build Orders: Pool First 

Get SALT Encoding   

  12  0:03  Drone  
  13  0:16  Drone  
  14  0:27  Overlord  
  14  0:40  Spawning Pool  
  13  0:43  Drone  
  13  0:46  Drone  
  13  0:47  Drone  
  16  1:03  Drone  
  17  1:10  Extractor, Drone  
  17  1:23  Drone  
  18  1:30  Zergling x2  
  19  1:36  Queen  
  19  1:39  Drone  
  22  1:48  Extractor  
  22  1:52  Zergling x2  
  22  2:07  Overlord  
  22  2:27  Drone x2  
  24  2:30  Lair  
  24  2:50  Roach Warren  
  23  3:16  Drone x5  
  23  3:19  Metabolic Boost  
  28  3:45  Hydralisk Den  
  27  3:57  Infestation Pit  
  26  4:06  Evolution Chamber  
  25  4:10  Evolution Chamber  
  25  4:11  Roach x2  
  25  4:12  Roach  
  25  4:16  Overlord  
  25  4:17  Overlord  
  30  4:19  Overlord  
  30  4:42  Hatchery  
  29  4:45  Zerg Missile Weapons Level 1  
  29  4:46  Zerg Ground Armor Level 1  
  16  6:00  Drone x3  
  16  6:01  Drone x3  
  20  7:40  Queen  
  20  7:43  Drone x3  
  25  8:52  Hatchery  
  23  10:53  Hatchery  
  22  11:03  Drone x5  
  22  11:04  Drone x5  
  29  11:05  Drone x2  
  30  16:56  Hatchery  
  6  22:36  Drone x2  
  6  22:37  Drone  
Show
View Real Time Build Order
Export as new Build Order

RedNose Zerg 

Build Orders: Pool First, Lurkers 

Get SALT Encoding   

  12  0:02  Drone  
  13  0:10  Drone  
  14  0:28  Spawning Pool  
  14  0:30  Drone  
  14  0:41  Overlord  
  14  0:45  Extractor, Drone  
  14  0:48  Extractor  
  13  0:50  Drone  
  15  1:10  Drone  
  15  1:11  Drone  
  17  1:20  Zergling x2  
  17  1:22  Queen  
  20  1:27  Extractor, Zergling x2  
  20  1:37  Zergling x2  
  21  1:50  Zergling x2  
  21  1:52  Metabolic Boost  
  22  2:07  Overlord  
  22  2:14  Overlord  
  22  2:19  Lair  
  22  2:27  Drone  
  23  2:35  Drone x3  
  26  2:37  Zergling x2  
  27  2:49  Drone  
  28  3:02  Drone  
  29  3:24  Hatchery  
  29  3:25  Queen  
  29  3:26  Zergling x4  
  32  3:36  Infestation Pit  
  31  3:41  Spore Crawler  
  31  3:48  Drone x2  
  32  4:02  Evolution Chamber  
  31  4:17  Queen  
  31  4:19  Swarm Host  
  36  4:40  Drone  
  36  4:41  Drone x5  
  42  4:52  Drone x2  
  44  5:03  Burrow  
  44  5:11  Overlord x2  
  44  5:13  Extractor  
  43  5:23  Extractor  
  42  5:29  Hatchery  
  42  5:31  Zerg Ground Armor Level 1  
  41  5:37  Evolution Chamber  
  41  5:39  Hydralisk Den  
  39  5:55  Drone x3  
  39  5:56  Drone x3  
  45  6:05  Overseer x2  
  45  6:09  Drone x2  
  45  6:10  Drone  
  48  6:21  Zergling x8  
  52  6:26  Muscular Augments  
  52  6:40  Drone  
  52  6:41  Drone x3  
  56  6:48  Queen  
  56  6:49  Overlord  
  56  6:50  Overlord  
  56  6:51  Drone  
  56  6:52  Drone  
  60  6:59  Zerg Missile Weapons Level 1  
  60  7:01  Hive  
  60  7:03  Hydralisk x3  
  60  7:06  Overlord x2  
  66  7:20  Hydralisk x5  
  66  7:21  Hydralisk x3  
  82  7:33  Drone x5  
  87  7:37  Drone x3  
  90  7:52  Hydralisk x4  
  98  8:05  Zerg Ground Armor Level 2  
  98  8:09  Baneling Nest  
  97  8:17  Overlord x3  
  97  8:39  Swarm Host  
  100  8:48  Hydralisk  
  100  8:49  Hydralisk x5  
  100  8:50  Hydralisk x5  
  122  8:58  Extractor  
  121  9:07  Centrifical Hooks  
  121  9:08  Zerg Missile Weapons Level 2  
  121  9:11  Overlord x3  
  121  9:12  Overlord  
  121  9:28  Overlord x2  
  121  9:42  Extractor  
  120  9:54  Hydralisk  
  120  9:55  Hydralisk x6  
  120  9:56  Hydralisk x3, Viper x3  
  149  10:00  Zergling x8  
  153  10:24  Lurker Den  
  154  10:35  Zergling x4  
  154  10:36  Hatchery, Hydralisk x3, Zergling x12  
  154  10:37  Hydralisk x2  
  170  10:48  Hatchery  
  168  11:32  Baneling  
  168  11:33  Baneling x11  
  168  11:34  Baneling x22  
  168  11:40  Overlord x6  
  168  11:48  Zerg Missile Weapons Level 3, Zerg Ground Armor Level 3  
  142  12:20  Hydralisk  
  142  12:21  Hydralisk x13  
  105  12:35  Hydralisk x13  
  105  12:36  Hydralisk  
  83  12:41  Hydralisk  
  83  12:42  Hydralisk x5  
  95  12:56  Zergling x16  
  103  13:02  Lurker x3  
  103  13:03  Lurker  
  104  13:14  Hydralisk x4  
  107  14:06  Hydralisk x3  
  107  14:07  Hydralisk x6  
  107  14:08  Hydralisk x4  
  128  14:10  Zergling x10  
  128  14:11  Zergling x4  
  135  14:25  Zerg Melee Weapons Level 1, Drone  
  135  14:35  Extractor  
  134  14:43  Extractor  
  133  15:10  Zergling x2  
  133  15:11  Zergling x32  
  133  15:12  Zergling x2  
  151  15:20  Zergling x2  
  151  15:21  Zergling x8  
  156  15:39  Hydralisk x4  
  156  15:40  Hydralisk x5  
  145  16:04  Hydralisk x4  
  145  16:05  Hydralisk x4  
  149  16:19  Baneling x9  
  149  16:20  Baneling x8  
  149  16:21  Overseer  
  149  16:38  Hydralisk  
  149  16:39  Hydralisk  
  153  16:40  Zergling x2  
  154  16:49  Hydralisk x2  
  146  17:25  Hydralisk x5  
  146  17:26  Hydralisk x3  
  150  17:49  Hydralisk x2  
  150  17:50  Hydralisk x3  
  150  17:51  Hydralisk  
  150  18:18  Hydralisk x4  
  62  19:02  Spire  
  61  19:03  Hydralisk x3  
  61  19:04  Hydralisk x6  
  61  19:05  Hydralisk x2  
  61  19:06  Viper x2  
  89  19:22  Zergling x2  
  89  19:23  Zergling x12  
  96  19:39  Zergling x2  
  96  19:40  Zergling x10  
  102  19:57  Baneling  
  102  19:58  Baneling x10  
  93  21:01  Hydralisk x4  
  93  21:02  Hydralisk x5  
  93  21:03  Hydralisk x2  
  98  21:31  Hydralisk x3  
  98  21:32  Hydralisk x2  
  100  21:33  Zergling x8  
  94  21:49  Zerg Melee Weapons Level 2  
  90  22:23  Hydralisk x2  
  90  22:24  Hydralisk x4  
  90  22:25  Zergling x4  
  90  22:27  Baneling  
  90  22:28  Baneling  
  93  22:59  Zergling x18  
  81  23:53  Hydralisk x5  
  81  23:54  Hydralisk x3  
Show
View Real Time Build Order
Export as new Build Order

Ejecutor Protoss 

Build Orders:  

Get SALT Encoding   

  12  0:04  Probe (Chrono Boost)  
  13  0:23  Pylon  
  13  0:26  Assimilator  
  13  0:32  Probe (Chrono Boost)  
  14  0:42  Gateway, Probe (Chrono Boost)  
  15  0:48  Assimilator  
  15  0:53  Probe (Chrono Boost)  
  16  1:03  Probe (Chrono Boost)  
  17  1:13  Pylon  
  18  1:18  Probe (Chrono Boost)  
  18  1:29  Probe (Chrono Boost)  
  18  1:31  Cybernetics Core  
  19  1:39  Probe (Chrono Boost)  
  20  2:11  Nexus  
  20  2:24  Pylon  
  20  2:27  Probe (Chrono Boost)  
  21  2:37  Probe (Chrono Boost)  
  21  2:43  Stargate  
  22  2:48  Stargate  
  22  2:57  Pylon  
  22  3:01  Probe (Chrono Boost)  
  23  3:30  Void Ray  
  23  3:32  Void Ray  
  31  3:41  Probe (Chrono Boost)  
  32  3:48  Probe (Chrono Boost)  
  32  3:51  Probe (Chrono Boost)  
  34  3:59  Probe (Chrono Boost)  
  34  4:00  Stargate  
  35  4:14  Cybernetics Core  
  35  4:22  Void Ray  
  35  4:23  Probe (Chrono Boost)  
  40  4:36  Void Ray  
  44  4:41  Probe (Chrono Boost)  
  45  4:48  Assimilator  
  45  4:52  Probe (Chrono Boost)  
  46  4:54  Assimilator  
  46  5:02  Protoss Air Weapons Level 1 (Chrono Boost), Probe (Chrono Boost)  
  47  5:08  Protoss Air Armor Level 1 (Chrono Boost)  
  47  5:13  Probe  
  48  5:25  Probe  
  49  5:37  Probe  
  49  5:41  Probe  
  51  5:49  Probe  
  52  5:53  Probe  
  53  6:01  Probe  
  54  6:05  Probe  
  55  6:17  Probe  
  48  6:29  Probe  
  41  6:39  Fleet Beacon  
  41  6:50  Nexus  
  41  6:58  Pylon  
  41  6:59  Pylon  
  41  7:00  Void Ray x3  
  41  7:01  Pylon  
  53  7:12  Fleet Beacon  
  53  7:18  Stargate  
  53  7:20  Stargate  
  53  7:53  Graviton Catapult  
  53  7:57  Carrier x3  
  71  8:02  Carrier  
  77  8:15  Probe  
  78  8:26  Probe  
  78  8:27  Assimilator  
  78  8:30  Carrier  
  78  8:32  Assimilator  
  85  8:36  Probe  
  85  8:39  Pylon  
  85  8:40  Pylon  
  86  8:42  Pylon  
  86  8:47  Probe  
  87  8:57  Probe  
  88  9:08  Probe  
  89  9:14  Protoss Air Armor Level 2 (Chrono Boost), Protoss Air Weapons Level 2 (Chrono Boost)  
  89  9:18  Probe  
  89  9:23  Carrier  
  89  9:24  Carrier  
  96  9:29  Probe  
  103  9:40  Probe  
  104  10:00  Carrier  
  104  10:01  Carrier  
  104  10:03  Carrier  
  122  10:30  Stargate  
  122  10:31  Stargate  
  122  10:34  Stargate  
  122  10:38  Pylon  
  122  10:40  Pylon  
  122  10:44  Pylon  
  122  10:47  Pylon  
  122  10:52  Pylon  
  122  10:56  Pylon  
  122  11:14  Carrier x2  
  122  11:17  Carrier  
  140  11:32  Protoss Air Weapons Level 3 (Chrono Boost)  
  140  11:37  Protoss Air Armor Level 3 (Chrono Boost)  
  140  11:44  Forge  
  140  11:47  Robotics Facility  
  104  12:14  Carrier x2  
  110  12:16  Carrier  
  112  12:58  Carrier x3  
  123  13:06  Observer  
  123  13:28  Photon Cannon  
  123  13:30  Photon Cannon  
  87  14:24  Carrier x2  
  87  14:25  Carrier x3  
  117  14:43  Nexus  
  117  14:47  Assimilator  
  117  14:51  Assimilator  
  117  15:01  Carrier x2  
  129  15:30  Carrier  
  135  15:50  Anion Pulse-Crystals  
  135  16:04  Carrier  
  135  16:06  Carrier  
  81  16:44  Carrier x2  
  93  17:08  Carrier x2  
  90  17:36  Probe  
  74  17:57  Carrier x2  
  67  19:39  Probe  
  68  19:50  Probe  
  69  20:00  Probe  
  70  20:07  Nexus  
  70  20:11  Probe  
  65  20:21  Probe  
  36  21:26  Assimilator  
  36  21:31  Assimilator  
  36  21:38  Nexus  
  35  22:51  Probe  
  35  22:57  Assimilator  
  36  23:02  Probe  
  36  23:04  Probe  
  25  23:11  Carrier  
  32  23:13  Probe  
  32  23:14  Probe  
  34  23:23  Probe  
  34  23:25  Probe  
  36  23:32  Carrier  
  36  23:34  Probe  
  42  23:36  Probe  
  44  23:44  Probe  
  44  23:46  Probe  
  46  23:55  Probe  
  47  24:02  Carrier  
  47  24:05  Probe  
  47  24:06  Carrier  
  47  24:09  Carrier  
  66  24:16  Probe  
  67  24:26  Probe  
  68  24:32  Forge  
  57  24:39  Carrier  
Tags
 
Add a new tag
Caveats
  • Supply blocks, unpowered buildings, or Contaminate may cause inaccurate times.
  • Supply counts are checked every 10 seconds.